 Dungeon Crawl Stone Soup version 0.31.0-11-ge490571c62 (webtiles) character file.

Game seed: 3724059772530892391

213 Gadfly the Insei (level 5, -1/41 HPs)
             Began as a Demonspawn Monk on Feb 1, 2024.
             Slain by Grinder (6 damage)
             ... on level 4 of the Dungeon.
             The game lasted 00:04:35 (2477 turns).

Gadfly the Insei (Demonspawn Monk)                  Turns: 2477, Time: 00:04:37

Health: -1/41      AC:  3    Str: 13    XL:     5   Next: 59%
Magic:  7/7        EV: 13    Int: 10    God:
Gold:   1164       SH:  0    Dex: 16    Spells: 4/4 levels left

rFire   . .          .
                       - Unarmed
rCold   . . .        c - orb {light}
rNeg    + . .        a - +0 robe
rPois   .            (no helmet)
rElec   .            (no cloak)
rCorr   .            (no gloves)
SInv    .            g - +0 pair of boots
Will    .....        (no amulet)
Stlth   +            l - ring of positive energy
HPRegen 0.26/turn    (no ring)
MPRegen 0.10/turn

%: random rage (3%)
@: glowing
A: spiny 1, berserk 1, wild magic 1, no potion heal 1
a: no special abilities


You were on level 4 of the Dungeon.
You visited 1 branch of the dungeon, and saw 4 of its levels.

You collected 1164 gold pieces.

Inventory:

Hand Weapons
 b - a +0 long sword of protection
 h - a +2 heavy mace
Armour
 a - a +0 robe (worn)
 c - an orb of light (worn)
 g - a +0 pair of boots (worn)
 p - the orb "Vannya Hial" {mayhem, Dex+3 Stlth+}
   (You found it on level 3 of the Dungeon)

   Dex+3:     It affects your dexterity (+3).
   Stlth+:    It makes you more stealthy.
Jewellery
 i - a ring of fire
 l - a ring of positive energy (left hand)
Wands
 d - a wand of flame (16) (quivered)
Scrolls
 e - a scroll of fear {unknown}
Potions
 j - 2 potions of ambrosia
 k - a potion of haste
 n - a potion of curing


   Skills:
 - Level 3.0 Fighting
 + Level 3.2 Dodging
 * Level 3.5 Unarmed Combat
 * Level 3.2 Invocations
 * Level 2.2 Evocations
 * Level 1.9 Shapeshifting


You had 4 spell levels left.
You didn't know any spells.
Your spell library contained the following spells:

 Spells                   Type           Power      Damage    Failure   Level
 Fugue of the Fallen      Necr           0%         N/A       82%         3
 Hailstorm                Conj/Ice       0%         3d5       82%         3
 Ozocubu's Armour         Ice            0%         N/A       82%         3
 Summon Ice Beast         Ice/Summ       0%         N/A       82%         3
 Manifold Assault         Tloc           0%         N/A       99%         4
 Sculpt Simulacrum        Ice/Alch       0%         N/A       100%        6


Dungeon Overview and Level Annotations

Branches:
Dungeon (4/15)
 Temple: D:4-7

Altars:
Ashenzari

Annotations:
D:4 Grinder


Innate Abilities, Weirdness & Mutations

You are partially covered in sharp spines.
You sometimes lose your temper in combat.
Your spells are a little harder to cast, but a little more powerful.
Potions are less effective at restoring your health.


Message History

You feel less confused. The orc is struck by your spines.
The orc hits you with a +0 club.
* * * LOW HITPOINT WARNING * * *
The orc attacks as it pursues you! The orc is struck by your spines.
You kill the orc!
The orc wizard gestures at you while chanting.
You are confused.
A magic dart appears from out of thin air!
The magic dart hits you.
* * * LOW HITPOINT WARNING * * *
The orc attacks as it pursues you! The orc is struck by your spines.
The orc barely misses you.
You're too confused to move!
The orc is struck by your spines.
You kill the orc!
The orc wizard is struck by your spines.
The orc wizard closely misses you.
The orc wizard attacks as it pursues you!
The orc wizard hits you with a +0 dagger.
* * * LOW HITPOINT WARNING * * *
Grinder gestures at you.
You are unaffected.
The orc wizard attacks as it pursues you!
The orc wizard hits you but does no damage.
The orc wizard attacks as it pursues you!
The orc wizard is struck by your spines.
The orc wizard hits you but does no damage.
Your system partially rejects the healing.
You feel much better.
The orc wizard hits you with a +0 dagger.
Grinder is struck by your spines. Grinder completely misses you.
The orc wizard gestures at you while chanting.
The puff of flame hits you!
* * * LOW HITPOINT WARNING * * *
You're too confused to move!
You feel less confused.
The orc wizard gestures wildly while chanting.
The orc wizard flickers and vanishes for a moment.
Grinder hits you.
You die...
Grinder says, "Now the real fun starts!"

.. ##+#### ...
.......
...#########.......
...................
#................
#................
#....<...........
#.....o...#+#####
#.....o@..#....
#.....5...#....
#..............
+..............
#........#+#...
#.......## #+#
##.....## #....##
#....+


You could see Grinder and 2 orc wizards.

Vanquished Creatures
  The ghost of Aldia the Conjurer, an amateur DECj (D:3)
  Ijyb (D:3)
  5 adders
  2 ribbon worms (D:3)
  2 orcs (D:4)
  4 bats
  13 endoplasms
  A giant cockroach (D:2)
  4 hobgoblins
  2 jackals
  2 quokkas
  7 ball pythons
  6 frilled lizards
  8 goblins
  5 kobolds
  A rat (D:1)
64 creatures vanquished.

Notes
Turn   | Place    | Note
-------+----------+-------------------------------------------
     0 | D:1      | Gadfly the Demonspawn Monk began the quest for the Orb.
     0 | D:1      | Reached XP level 1. HP: 18/18 MP: 1/1
   329 | D:1      | Gained mutation: You are partially covered in sharp spines.
                  | [demonic ancestry]
   329 | D:1      | Reached XP level 2. HP: 24/24 MP: 2/2
   408 | D:1      | Reached skill level 1 in Invocations
   600 | D:1      | Reached skill level 1 in Evocations
   611 | D:1      | Found a faded altar of an unknown god.
   723 | D:1      | Gained mutation: You have a pair of small horns on your
                  | head. [potion of mutation]
   723 | D:1      | Gained mutation: You are frail. (-10% HP) [potion of
                  | mutation]
   723 | D:1      | Gained mutation: You are very frail. (-20% HP) [potion of
                  | mutation]
   730 | D:1      | Lost mutation: You are very frail. (-20% HP) [potion of
                  | mutation]
   730 | D:1      | Lost mutation: You are frail. (-10% HP) [potion of
                  | mutation]
   730 | D:1      | Lost mutation: You have a pair of small horns on your head.
                  | [potion of mutation]
   730 | D:1      | Gained mutation: Potions are less effective at restoring
                  | your health. [potion of mutation]
   730 | D:1      | Gained mutation: You sometimes lose your temper in combat.
                  | [potion of mutation]
   730 | D:1      | Gained mutation: Your spells are a little harder to cast,
                  | but a little more powerful. [potion of mutation]
   818 | D:2      | Reached XP level 3. HP: 25/29 MP: 4/4
   982 | D:2      | Reached skill level 1 in Shapeshifting
  1336 | D:2      | Reached XP level 4. HP: 35/35 MP: 5/5
  1364 | D:3      | Noticed Ijyb
  1386 | D:3      | Killed Ijyb
  1576 | D:3      | Found a broken altar of Ashenzari.
  1969 | D:3      | Reached XP level 5. HP: 40/41 MP: 7/7
  2108 | D:3      | Found a large runed translucent door.
  2108 | D:3      | Found a large runed translucent door.
  2112 | D:3      | Noticed Aldia's ghost (amateur DECj)
  2258 | D:3      | Killed Aldia's ghost
  2368 | D:3      | Identified the orb "Vannya Hial" {mayhem, Dex+3 Stlth+}
  2380 | D:3      | Identified a scroll of acquirement
  2380 | D:3      | Acquired 932 gold pieces
  2450 | D:4      | Noticed Grinder
  2477 | D:4      | Slain by Grinder

Illustrated notes

Levels and vault maps discovered:
D:1:      dpeg_arrival_solitude, layout_loops_ring,
          ebering_ecumenical_altar_hall
D:2:      layout_rooms, basic_altar
D:3:      layout_loops_cross, evilmike_ruin_ashenzari,
          ebering_ghost_disaster_area, minmay_misc_feat_roman, uniq_ijyb
D:4:      layout_gridville, general_overflow_altar,
          mainiacjoe_overflow_alcove_4, minmay_temple_entry_fiery,
          dk_vineyard_3, grunt_ministairs_15, minmay_quantized, uniq_grinder

Skill      XL: |  1  2  3  4  5 |
---------------+----------------+-----
Invocations    | 1 2 3 |  3.2
Evocations     | 1 2 |  2.2
Unarmed Combat | 3 |  3.5
Shapeshifting  | 1 |  1.9
Dodging        | 3 |  3.2
Fighting       | |  3.0

Action                     |  1- 3 |  4- 6 || total
---------------------------+-------+-------++-------
  Melee: Unarmed           |    80 |    48 ||   128
         Long sword        |       |    17 ||    17
  Evoke: Wand              |       |     1 ||     1
    Use: Potion            |     4 |     2 ||     6
         Scroll            |     3 |     4 ||     7
 Armour: Robe              |    32 |    51 ||    83
  Dodge: Dodged            |    55 |    34 ||    89
